 Dungeon Crawl Stone Soup version 0.28-a0-1567-g1695149f81 (webtiles) character file.

Game seed: 348281164272128892

3899 grumblor the Chopper (level 10, -13/51 HPs)
             Began as a Vine Stalker Fighter on Jan 20, 2022.
             Was a Priest of Sif Muna.
             Mangled by a hornet (14 damage)
             ... on level 7 of the Dungeon.
             The game lasted 00:11:51 (6153 turns).

grumblor the Chopper (Vine Stalker Fighter)         Turns: 6153, Time: 00:11:52

Health: -13/51     AC:  2    Str: 22    XL:     10   Next: 20%
Magic:  0/18       EV:  9    Int:  8    God:    Sif Muna [***...]
Gold:   408        SH:  5    Dex: 15    Spells: 18/18 levels left

rFire   . . .      SeeInvis .   s - +1 war axe (pain)
rCold   . . .      Faith    .   c - +0 buckler
rNeg    . . .      Spirit   +   u - +1 chain mail {Will+}
rPois   .          Reflect  .   (no helmet)
rElec   .          Harm     .   (no cloak)
rCorr   .          Rampage  .   (no gloves)
Will    ++...                   (no boots)
Stlth   ..........              p - amulet of regeneration
HPRegen 1.77/turn               (no ring)
MPRegen 0.16/turn               (no ring)

@: mighty, lethally poisoned (-13 -> -14), corroded, channelling, slowed, very
slow
A: fangs 3, regeneration 1, magic shield, antimagic bite, no potion heal 2
a: Renounce Religion, Channel Magic, Forget Spell


You were on level 7 of the Dungeon.
You worshipped Sif Muna.
Sif Muna was most pleased with you.
You visited 1 branch of the dungeon, and saw 7 of its levels.

You collected 408 gold pieces.

Inventory:

Hand Weapons
 a - a +1 war axe
 s - a +1 war axe of pain (weapon)
Missiles
 l - 3 javelins
 n - a throwing net (quivered)
 o - 8 poisoned darts
Armour
 c - a +0 buckler (worn)
 t - +0 acid dragon scales
 u - a +1 chain mail of willpower (worn)
Jewellery
 p - an amulet of regeneration (around neck)
Wands
 e - a wand of polymorph (26)
 q - a wand of paralysis (2)
Scrolls
 g - a scroll of fog
 h - a scroll of teleportation
 i - 2 scrolls of enchant weapon
Potions
 b - a potion of magic
 f - a potion of mutation
 j - a potion of heal wounds {unknown}
 k - a potion of haste {unknown}
 m - a potion of lignification {unknown}


   Skills:
 + Level 4.7 Fighting
 + Level 6.2 Axes
 - Level 4.0 Throwing
 + Level 4.6 Armour
 - Level 4.0 Dodging
 + Level 3.9 Shields
 * Level 4.7 Spellcasting
 * Level 4.4 Invocations
 * Level 3.8 Evocations


You had 18 spell levels left.
You didn't know any spells.
Your spell library contained the following spells:

 Spells                   Type           Power      Damage    Failure   Level
 Sandblast                Erth           2%         2d4       96%         1
 Ensorcelled Hibernation  Hex/Ice        2%         N/A       99%         2
 Passwall                 Tmut/Erth      0%         N/A       99%         2
 Stone Arrow              Conj/Erth      2%         3d7       100%        3
 Swiftness                Air            1%         N/A       100%        3


Dungeon Overview and Level Annotations

Branches:
Dungeon (7/15)             Temple (0/1) D:4

Altars:
Dithmenos
Elyvilon
Fedhas
Kikubaaqudgha
Sif Muna
Uskayaw
Zin
The Shining One

Shops:
D:7 *


Innate Abilities, Weirdness & Mutations

You have razor-sharp teeth.
Your natural rate of healing is unusually fast.
When hurt, damage is shared between your health and your magic reserves.
Your bite disrupts and absorbs the magic of your enemies.
Potions cannot restore your health.


Message History

You feel yourself slow down.
You slash the jelly!
Your hands burn!
The jelly is severely wounded.
You hit the hornet but do no damage.
You hear the steady creaking of a distant portcullis.
The hornet barely misses you. You block the jelly's attack.
The hornet stings you!
You are poisoned.
You feel as though you will be slow longer.
The jelly misses you.
The hornet stings you but does no damage.
You feel very mighty all of a sudden.
You feel very sick. You block the hornet's attack.
The jelly hits you but does no damage. The hornet stings you!
You are more poisoned.
You feel as though you will be slow longer.
You feel very sick. The hornet stings you!
* * * LOW HITPOINT WARNING * * *
You are more poisoned.
You feel as though you will be slow longer.
The jelly hits you but does no damage. You block the hornet's attack.
The jelly barely misses you.
Your system rejects the healing.
You feel better. The hornet stings you.
* * * LOW HITPOINT WARNING * * *
You are poisoned.
You feel as though you will be slow longer.
You block the hornet's attack. The jelly hits you but does no damage.
You hit the hornet but do no damage. Your bite misses the hornet.
You hit the jelly.
Your hands burn!
* * * LOW HITPOINT WARNING * * *
You feel very sick. The hornet stings you!
* * * LOW HITPOINT WARNING * * *
You feel as though you will be slow longer.
The jelly hits you. The acid corrodes you!
You are splashed with acid.
* * * LOW HITPOINT WARNING * * *
The hornet stings you!
You die...

#.....#### .##....##.# ##
#....##### .....##..##..#
###...##.# ###...........#
.........####............#
###...#...##.............#
##..##.................#
#....................^##
#...............$...###
##....>.......@...#.#
.##.......##....Jy......
...........##.....###.....
.........####.....# .....
......##.# #......# ....
...... ###........ ...
...... #........
....#..... ####


You could see a hornet and a jelly.

Vanquished Creatures
  Maggie (D:6)
  Sigmund (D:3)
  A wyvern (D:6)
  Eustachio (D:4)
  6 yaks (D:7)
  Edmund (D:5)
  A water moccasin (D:6)
  An orc warrior (D:7)
  A black bear (D:7)
  2 ice beasts
  2 centaurs (D:6)
  2 kobold brigands
  3 bullfrogs
  2 water moccasin zombies
  2 scorpions
  A water moccasin skeleton (D:5)
  A bullfrog zombie (D:6)
  2 centaur skeletons
  2 hounds
  2 jellies
  2 centaur zombies
  A gnoll shaman (D:5)
  3 iguanas
  2 orc priests
  A bullfrog skeleton (D:6)
  Natasha (thrice) (D:3)
  4 orc wizards
  A killer bee zombie (D:4)
  2 hound skeletons
  A howler monkey zombie (D:7)
  7 gnolls
  A howler monkey skeleton (D:4)
  8 adders
  A shadow imp (D:6)
  2 white imps
  2 ufetubi (D:5)
  4 worms
  16 orcs
  11 endoplasms
  A giant cockroach (D:2)
  3 goblins
  7 hobgoblins
  5 quokkas
  6 ball pythons
  3 bats
  4 frilled lizards
  14 kobolds
  A quokka zombie (D:3)
  9 rats
160 creatures vanquished.

Vanquished Creatures (others)
  5 plants (D:4)
5 creatures vanquished.

Grand Total: 165 creatures vanquished

Notes
Turn   | Place    | Note
-------+----------+-------------------------------------------
     0 | D:1      | grumblor the Vine Stalker Fighter began the quest for the
                  | Orb.
     0 | D:1      | Reached XP level 1. HP: 11/11 MP: 2/2
    39 | D:1      | Reached XP level 2. HP: 4/16 MP: 1/3
   384 | D:1      | Found a faded altar of an unknown god.
   490 | D:1      | Reached skill level 2 in Axes
   490 | D:1      | Reached XP level 3. HP: 19/19 MP: 4/4
  1115 | D:2      | Reached skill level 1 in Spellcasting
  1260 | D:2      | Gained mutation: Your natural rate of healing is unusually
                  | fast. [Vine Stalker growth]
  1260 | D:2      | Reached XP level 4. HP: 24/24 MP: 6/6
  1371 | D:2      | Reached skill level 1 in Dodging
  1900 | D:3      | Found a shimmering blue altar of Sif Muna.
  1902 | D:3      | Noticed Natasha
  1904 | D:3      | Became a worshipper of Sif Muna the Loreminder
  1915 | D:3      | Killed Natasha
  1916 | D:3      | Reached XP level 5. HP: 26/28 MP: 6/8
  1934 | D:3      | Reached skill level 3 in Axes
  1934 | D:3      | Reached skill level 1 in Throwing
  1973 | D:3      | Noticed Natasha
  1980 | D:3      | Killed Natasha
  1981 | D:3      | Reached skill level 1 in Invocations
  2051 | D:3      | Found a glowing silver altar of Zin.
  2381 | D:3      | Noticed Natasha
  2388 | D:3      | Reached XP level 6. HP: 32/32 MP: 9/9
  2391 | D:3      | Killed Natasha
  2416 | D:3      | Reached * piety under Sif Muna
  2575 | D:3      | Noticed Sigmund
  2629 | D:3      | Killed Sigmund
  2630 | D:3      | Reached XP level 7. HP: 18/36 MP: 3/11
  2779 | D:3      | Found a glowing golden altar of the Shining One.
  3110 | D:4      | Found a staircase to the Ecumenical Temple.
  3163 | D:4      | Reached skill level 4 in Axes
  3163 | D:4      | Reached skill level 1 in Evocations
  3183 | D:4      | Noticed Eustachio
  3196 | D:4      | Killed Eustachio
  3288 | D:4      | Reached ** piety under Sif Muna
  3381 | D:4      | Gained mutation: You have razor-sharp teeth. [Vine Stalker
                  | growth]
  3381 | D:4      | Reached XP level 8. HP: 37/40 MP: 11/13
  3510 | D:5      | Entered Level 5 of the Dungeon
  3708 | D:5      | Noticed Edmund
  3725 | D:5      | Killed Edmund
  4315 | D:6      | Found a shadowy altar of Dithmenos.
  4891 | D:6      | Noticed Maggie
  4900 | D:6      | Killed Maggie
  4901 | D:6      | Reached skill level 5 in Axes
  4901 | D:6      | Reached XP level 9. HP: 41/45 MP: 10/15
  4989 | D:6      | Found an ancient bone altar of Kikubaaqudgha.
  5323 | D:6      | Found a white marble altar of Elyvilon.
  5323 | D:6      | Found a hide-covered altar of Uskayaw.
  5488 | D:6      | Found a blossoming altar of Fedhas.
  5822 | D:7      | Reached *** piety under Sif Muna
  5874 | D:7      | Found Vaupto's Neck Hole.
  6027 | D:7      | Reached skill level 6 in Axes
  6027 | D:7      | Reached XP level 10. HP: 24/51 MP: 5/17
  6153 | D:7      | HP: 2/51 [hornet (4)]
  6153 | D:7      | Mangled by a hornet

Illustrated notes

Levels and vault maps discovered:
D:1:      scummos_arrival_forest, layout_rooms,
          chequers_ecumenical_altar_simple_redux, grunt_decor_fettered,
          corexii_corridor_pit
D:2:      layout_loops_corners, kennysheep_generic_room_11
D:3:      layout_loops_corners, mainiacjoe_overflow_concentric_impassable,
          mainiacjoe_overflow_tiny_flanked, marbit_many_paths, serial_undead,
          serial_undead_f, serial_undead_a, serial_undead_f, serial_undead_c,
          uniq_natasha, uniq_sigmund
D:4:      layout_rooms, minmay_temple_entry_overgrown, lexackson_kobold_supper,
          uniq_eustachio
D:5:      layout_basic, uniq_edmund
D:6:      layout_loops_corners, nicolae_kikubaaqudgha_miasma_corner,
          mainiacjoe_overflow_catwalk, lemuel_doored_altar,
          amethyst_overflow_temple_binary, uniq_maggie
D:7:      layout_cave_pools, slow_altar_1, general_overflow_altar,
          enter_bailey_5, nicolae_shop_sticking_my_neck_out

Skill      XL: |  1  2  3  4  5  6  7  8  9 10 |
---------------+-------------------------------+-----
Axes           | 2 3 4 5 6 |  6.2
Fighting       | 3 4 |  4.7
Shields        | 3 |  3.9
Spellcasting   | 1 2 3 4 |  4.7
Dodging        | 1 2 3 4 |  4.0
Throwing       | 1 2 3 4 |  4.0
Invocations    | 1 2 3 4 |  4.4
Armour         | 3 4 |  4.6
Evocations     | 1 2 3 |  3.8

Action                   |  1- 3 |  4- 6 |  7- 9 | 10-12 || total
-------------------------+-------+-------+-------+-------++-------
Melee: War axe           |    44 |    70 |   105 |    29 ||   248
       Bite              |     6 |    40 |    82 |    11 ||   139
       Hand axe          |       |    76 |   197 |       ||   273
Throw: Javelin           |       |     5 |     4 |       ||     9
       Throwing net      |       |       |     1 |       ||     1
Invok: Channel Magic     |       |       |       |     2 ||     2
  Use: Scroll            |     1 |     2 |     5 |       ||     8
       Potion            |       |       |     1 |     2 ||     3
 Stab: Sleeping          |       |       |     1 |       ||     1
Armor: Scale mail        |    12 |    28 |       |       ||    40
       Chain mail        |       |    54 |   110 |    10 ||   174
       Acid dragon scale |       |       |    41 |       ||    41
Dodge: Dodged            |    13 |    41 |   144 |    20 ||   218
Block: Buckler           |     9 |    29 |    86 |     9 ||   133

Table legend: (Time is in decaauts)
 A = Elapsed time spent in this place.
 B = Non-inter-level travel time spent in this place.
 C = Inter-level travel time spent in this place.
 D = Time resting spent in this place.
 E = Time spent auto-exploring this place.
 F = Levels seen in this place.
 G = Mean time per level.
                   A        B        C        D        E       F      G
               +--------+--------+--------+--------+--------+-----+--------+
         Total |   6306 |   6125 |    181 |    664 |   4119 |   7 |  900.9 |
       Dungeon |   6306 |   6125 |    181 |    664 |   4119 |   7 |  900.9 |
               +--------+--------+--------+--------+--------+-----+--------+

Top non-repeatable levels by time:
     D:6: 1338 daAuts
     D:3: 1177 daAuts
     D:2: 1058 daAuts
     D:5: 995 daAuts
     D:1: 877 daAuts
     D:4: 499 daAuts
     D:7: 360 daAuts
